 Dungeon Crawl Stone Soup version 0.21-a0-633-g4c047d5 (webtiles) character file.

27 Alarkh the Chopper (level 3, -3/31 HPs)
             Began as a Ghoul Monk on Dec 28, 2017.
             Killed by divine providence
             ... invoked by an orc priest
              (15 damage)
             ... on level 2 of the Dungeon.
             The game lasted 00:01:12 (1325 turns).

Alarkh the Chopper (Ghoul Monk)                     Turns: 1325, Time: 00:01:14

Health: -3/31      AC:  2    Str: 12 (14) XL:     3   Next: 10%
Magic:  2/2        EV: 12    Int:  4 (6)  God:
Gold:   48         SH:  0    Dex:  8 (11) Spells: 2/2 levels left

rFire    + . .     SeeInvis .   a - +0 hand axe
rCold    . . .     Gourm    .   (no shield)
rNeg     + + +     Faith    .   b - +0 robe
rPois    ∞         Spirit   .   (no helmet)
rElec    .         Reflect  .   (no cloak)
rCorr    .         Harm     .   (no gloves)
MR       .....                  (no boots)
Stlth    ++........             (no amulet)
HPRegen  0.00/turn              f - ring of fire
MPRegen  0.08/turn              (no ring)

@: rotting
A: rotting body, claws 1, carnivore, cold resistance 1, negative energy
resistance 3, inhibited regeneration, torment resistance, unbreathing
a: no special abilities


You were on level 2 of the Dungeon.
You were not hungry.

You visited 1 branch of the dungeon, and saw 2 of its levels.

You collected 48 gold pieces.

Inventory:

Hand Weapons
 a - a +0 hand axe (weapon)
Armour
 b - a +0 robe (worn)
Jewellery
 f - a ring of fire (left claw)
Scrolls
 e - a scroll of enchant armour {unknown}
 i - a scroll of teleportation {unknown}
Potions
 g - a potion of lignification
Comestibles
 c - 3 rations
 h - 2 chunks of flesh


   Skills:
 - Level 3.2 Fighting
 + Level 3.8 Axes
 - Level 2.6 Dodging
 - Level 2.1 Stealth


You had 2 spell levels left.
You didn't know any spells.

Dungeon Overview and Level Annotations

Branches:
Dungeon (2/15)

Altars:


Innate Abilities, Weirdness & Mutations

Your body is rotting away.
You thrive on raw meat.
You are immune to poison.
You have sharp fingernails.
You are carnivorous and can eat meat at any time.
Your flesh is cold resistant. (rC+)
You are immune to negative energy. (rN+++)
You do not regenerate when monsters are visible.
You are immune to unholy pain and torment.
You can survive without breathing.


Message History

You kill the goblin!
The orc priest hits you with a club. The orc closely misses you.
You hit the orc priest but do no damage.
You barely miss the orc priest. You barely miss the orc. The orc hits you.
The orc priest closely misses you. The orc priest hits you with a club.
You hit the orc priest but do no damage. x2
You hit the orc.
You kill the orc!
The orc priest barely misses you. The orc priest hits you with a club.
* * * LOW HITPOINT WARNING * * *
It was a potion of curing.
You feel better. The orc priest barely misses you.
The orc priest mumbles some strange prayers to Beogh against you.
Beogh smites you!
It was a potion of degeneration.
There was something very wrong with that liquid.
You feel weakened.
You feel dopey.
You feel clumsy.
The orc priest hits you but does no damage.
The orc priest mumbles some strange prayers to Beogh against you.
Beogh smites you!
You die...

.....# #..#.#
###..#.#
....#.###
#......
####..#.#
#....<..#
#####.#.####.#l#
#.#.@oS....#
..#.[o!..#.#
####.###### ###


You could see 2 orc priests, an adder and a frilled lizard.

Vanquished Creatures
  2 dart slugs (D:1)
  An orc (D:2)
  4 bats (D:1)
  2 goblins
  5 hobgoblins (D:1)
  2 frilled lizards (D:1)
  4 kobolds (D:1)
  2 rats (D:1)
22 creatures vanquished.

Notes
Turn   | Place    | Note
-------+----------+-------------------------------------------
     0 | D:1      | Alarkh the Ghoul Monk began the quest for the Orb.
     0 | D:1      | Reached XP level 1. HP: 19/19 MP: 0/0
   164 | D:1      | Reached XP level 2. HP: 22/26 MP: 1/1
  1282 | D:1      | Reached XP level 3. HP: 28/31 MP: 2/2
  1325 | D:2      | Killed from afar by an orc priest

Vault maps used:
D:1:      doesnt_arrival_eight_statues
D:2:      kennysheep_generic_room_8, uniq_terence

Skill      XL: |  1 |
---------------+----+-----
Axes           | 3 |  3.8
Fighting       | |  3.2
Dodging        | |  2.6
Stealth        | |  2.1

Action                   || total
-------------------------++-------
Melee: Hand axe          ||    79
  Use: Potion            ||     3
 Stab: Sleeping          ||     4
  Eat: Chunk             ||     7
Armor: Robe              ||    11
Dodge: Dodged            ||    43

Table legend:
 A = Spawn XP
 B = Non-spawn XP
 C = Spawn XP percentage of total XP
 D = Spawn monster count
 E = Non-spawn monster count
 F = Spawn count percentage of total count
 G = Total turns spent on level
                    A         B        C        D         E        F      G
               +---------+---------+-------+---------+---------+-------+---------
         Total |       0 |      39 |   0.0 |       0 |      22 |   0.0 |  1325
               +---------+---------+-------+---------+---------+-------+---------
           D:1 |       0 |      34 |   0.0 |       0 |      20 |   0.0 |  1315
           D:2 |       0 |       5 |   0.0 |       0 |       2 |   0.0 |    10
               +---------+---------+-------+---------+---------+-------+---------
